 Dungeon Crawl Stone Soup version 0.23-a0-417-gf02c810 (webtiles) character file.

340 AymanAU the Cleaver (level 6, -5/51 HPs)
             Began as a Minotaur Fighter on Nov 10, 2018.
             Splashed by a jelly's acid (11 damage)
             ... on level 2 of the Dungeon.
             The game lasted 00:04:00 (1599 turns).

AymanAU the Cleaver (Minotaur Fighter)              Turns: 1599, Time: 00:04:01

Health: -5/51      AC: -7    Str: 22    XL:     6   Next: 30%
Magic:  5/5        EV:  8    Int:  5    God:
Gold:   91         SH:  9    Dex: 10    Spells: 5/5 levels left

rFire    + . .     SeeInvis .   a - +3 whip (flame)
rCold    . . .     Gourm    .   c - +0 shield
rNeg     + . .     Faith    .   y - +0 leather armour "Faykhiq" {rPois rF+ rN+} (curse)
rPois    +         Spirit   .   (helmet restricted)
rElec    .         Reflect  .   (no cloak)
rCorr    .         Harm     .   m - +0 pair of gloves
MR       .....                  (no boots)
Stlth    +.........             (no amulet)
HPRegen  0.17/turn              (no ring)
MPRegen  0.09/turn              (no ring)

@: corroded
A: retaliatory headbutt, horns 2
a: no special abilities


You were on level 2 of the Dungeon.
You were not hungry.

You visited 1 branch of the dungeon, and saw 4 of its levels.

You collected 91 gold pieces.

Inventory:

Hand Weapons
 a - a +3 whip of flaming (weapon)
 b - a +0 hunting sling
 r - a +0 war axe
Missiles
 o - 173 stones (quivered)
 p - 5 tomahawks
 u - 53 arrows
 B - 5 needles of sleeping
Armour
 c - a +0 shield (worn)
 l - a +1 leather armour of fire resistance
 m - a +0 pair of gloves (worn)
 s - a +0 scale mail
 y - the cursed +0 leather armour "Faykhiq" (worn) {rPois rF+ rN+}
   (You found it on level 4 of the Dungeon)

   It protects you from fire.
   It protects you from poison.
   It protects you from negative energy.
   It has a curse placed upon it.
 A - a +0 pair of gloves
 D - a +0 cloak
Jewellery
 z - an uncursed amulet of faith
Scrolls
 e - 2 scrolls of teleportation {unknown}
 h - 2 scrolls of immolation {unknown}
 i - 3 scrolls of remove curse {unknown}
 j - a scroll of fog {unknown}
 n - a scroll of blinking {unknown}
 t - 2 scrolls of identify {unknown}
 w - a scroll of enchant armour {unknown}
 x - 2 scrolls of fear {unknown}
 E - a scroll of magic mapping {unknown}
Potions
 d - a potion of might
 g - a potion of brilliance {unknown}
 k - a potion of ambrosia {unknown}
 q - a potion of curing {unknown}
 C - a potion of degeneration {unknown}
Comestibles
 f - 5 rations
 v - 2 chunks of flesh


   Skills:
 - Level 3.6 Fighting
 - Level 8.0 Axes
 + Level 3.9 Armour
 - Level 3.6 Shields


You had 5 spell levels left.
You didn't know any spells.
Your spell library was empty.

Dungeon Overview and Level Annotations

Branches:
Dungeon (4/15)
 Temple: D:4-7

Altars:
Ashenzari


Innate Abilities, Weirdness & Mutations

You reflexively headbutt those who attack you in melee.
You have a pair of horns on your head.


Message History

You hit the ooze. You burn the ooze.
The ooze is lightly wounded.
The ooze hits you.
* * * LOW HITPOINT WARNING * * *
You hit the ooze. You burn the ooze.
The ooze is almost dead.
The ooze jiggles.
You block the ooze's attack.
Your shield prevents you from hitting the ooze.
You headbutt the ooze.
You kill the ooze!
Some of the chunks of flesh in your inventory have rotted away.
You whack the jelly! You burn the jelly. The acid corrodes you!
Your hands burn!
* * * LOW HITPOINT WARNING * * *
The jelly is heavily wounded.
The jelly hits you.
* * * LOW HITPOINT WARNING * * *
The acid corrodes you!
You are splashed with acid!
The acid burns!
You die...

........# ########## ###.....##.#
...###..# !P.......# ####.####..#
##.# #..# ...P÷.÷..###..........#
#.# #..# .P.......##......)....#
#.# #..# .........###..........#
#.###..# ÷.÷P.....###..........#
##......# .....J...##..........[#
##......# #######J# #...........#
........###..)..@## ##..........#
##.###..##.######## #............
#.###..###..'....# ##...........
#.##...# ####....####..........#
##..##..# #.......##....<>...##
##..##..###.......##......#..#
.........##.......##.........#
##..##..###.......##.........####
##..##..####.....#########......#


You could see a jelly.

Vanquished Creatures
  2 ogres (D:4)
  A jelly (D:2)
  3 adders
  9 oozes (D:2)
  A worm (D:2)
  2 dart slugs
  A leopard gecko (D:4)
  5 orcs (D:3)
  2 ball pythons
  4 bats
  3 giant cockroaches
  3 goblins
  4 hobgoblins
  7 jackals
  12 kobolds
  4 frilled lizards
  4 rats
67 creatures vanquished.

Vanquished Creatures (others)
  A fungus (D:2)
  11 toadstools (D:2)
12 creatures vanquished.

Grand Total: 79 creatures vanquished

Notes
Turn   | Place    | Note
-------+----------+-------------------------------------------
     0 | D:1      | AymanAU the Minotaur Fighter began the quest for the Orb.
     0 | D:1      | Reached XP level 1. HP: 19/19 MP: 0/0
   235 | D:1      | Reached skill level 3 in Axes
   258 | D:1      | Reached XP level 2. HP: 26/26 MP: 1/1
   855 | D:2      | Reached skill level 4 in Axes
   894 | D:2      | Found a shattered altar of Ashenzari.
   906 | D:2      | You fall through a shaft for 2 floors!
   939 | D:4      | Noticed an ogre
   947 | D:4      | Killed an ogre
   947 | D:4      | Reached skill level 5 in Axes
   947 | D:4      | Reached XP level 3. HP: 21/31 MP: 2/2
   947 | D:4      | Reached XP level 4. HP: 26/39 MP: 3/3
   948 | D:4      | Reached skill level 6 in Axes
   956 | D:4      | Got a fine leather armour
   997 | D:4      | Noticed an ogre
  1005 | D:4      | Killed an ogre
  1005 | D:4      | Reached skill level 7 in Axes
  1005 | D:4      | Reached XP level 5. HP: 36/45 MP: 4/4
  1243 | D:2      | Identified the cursed +0 leather armour "Faykhiq" {rPois
                  | rF+ rN+} (You found it on level 4 of the Dungeon)
  1558 | D:2      | Reached XP level 6. HP: 51/51 MP: 5/5
  1579 | D:2      | Reached skill level 8 in Axes
  1599 | D:2      | HP: 7/51 [acid (5)]
  1599 | D:2      | Splashed by a jelly's acid

Vault maps used:
D:1:      erik_arrival_cave_to_civilisation
D:2:      cheibrodos_fertilizer, lemuel_doored_altar, first_ration
D:4:      nicolae_gozag_cash_rules_everything_around_me,
          sigmund_edmund_badplayer

Skill      XL: |  1  2  3  4  5  6 |
---------------+-------------------+-----
Axes           | 3 5 7 8 |  8.0
Fighting       | |  3.6
Armour         | |  3.9
Shields        | |  3.6

Action                   |  1- 3 |  4- 6 || total
-------------------------+-------+-------++-------
Melee: War axe           |    29 |       ||    29
       Headbutt          |     5 |    17 ||    22
       Whip              |    20 |    90 ||   110
 Fire: Hunting sling     |       |    35 ||    35
Throw: Stone             |       |     4 ||     4
  Eat: Chunk             |       |     2 ||     2
Armor: Scale mail        |    18 |    13 ||    31
       Leather armour    |       |    20 ||    20
Dodge: Dodged            |    16 |    22 ||    38
Block: Shield            |    22 |    53 ||    75

Table legend:
 A = Non-vault XP
 B = Vault XP
 C = Vault XP percentage of total XP
 D = Non-vault monster count
 E = Vault monster count
 F = Vault count percentage of total count
                 A         B        C        D         E       F
            +---------+---------+-------+---------+---------+-------
      Total |     370 |     117 |  24.0 |      50 |      17 |  25.4
            +---------+---------+-------+---------+---------+-------
        D:1 |      24 |       0 |   0.0 |      14 |       0 |   0.0
        D:2 |      59 |     117 |  66.5 |      18 |      17 |  48.6
        D:3 |      45 |       0 |   0.0 |      14 |       0 |   0.0
        D:4 |     242 |       0 |   0.0 |       4 |       0 |   0.0
            +---------+---------+-------+---------+---------+-------
